 Dungeon Crawl Stone Soup version 0.18-a0-717-g59c076b (webtiles) character file.

1835 Mindmaker the Jinx (level 8, -4/52 HPs)
             Began as a Vampire Enchanter on Dec 8, 2015.
             Was a Believer of Sif Muna.
             Slain by a gnoll (7 damage)
             ... on level 6 of the Dungeon.
             The game lasted 00:36:54 (9812 turns).

Mindmaker the Jinx (Vampire Enchanter)              Turns: 9812, Time: 00:36:55

Health: -4/52      AC:  7    Str:  7    XL:     8   Next: 87%
Magic:  6/9        EV: 18    Int: 17    God:    Sif Muna [**....]
Gold:   311        SH:  0    Dex: 15    Spells: 3 memorised, 5 levels left

rFire  . . .     SeeInvis +     y - +0 short sword (vamp) (curse)
rCold  + + +     Clarity  .     b - +1 robe
rNeg   + + +     SustAt   .     (no shield)
rPois  +         Gourm    .     f - +0 helmet (curse)
rElec  .         Spirit   .     (no cloak)
rCorr  .         Dismiss  .     (no gloves)
rMut   .         Stasis   .     u - +0 pair of boots (curse)
MR     .....                    (no amulet)
Stlth  ++++......               t - +3 ring of evasion
                                w - ring of poison resistance

@: about to teleport, regenerating slowly, not resistant to hostile
enchantments, stealthy
A: fangs 3, yellow scales 1, see invisible, cold resistance 1, dopey 1, low mp
1, unbreathing
a: Bat Form, Channel Energy, Forget Spell, Renounce Religion


You were on level 6 of the Dungeon.
You worshipped Sif Muna.
Sif Muna was pleased with you.
You were near bloodless.

You visited 2 branches of the dungeon, and saw 7 of its levels.

You collected 311 gold pieces.

Inventory:

Hand Weapons
 y - a cursed +0 vampiric short sword (weapon)
Armour
 b - a +1 robe (worn)
 f - a cursed +0 helmet (worn)
 u - a cursed +0 pair of boots (worn)
Jewellery
 k - an uncursed ring of fire
 o - a +2 ring of protection {unknown}
 s - a +3 ring of strength
 t - a +3 ring of evasion (right hand)
 w - a ring of poison resistance (left hand)
Wands
 g - a wand of slowing (18)
 h - a wand of teleportation (4)
 p - a wand of fireball (5)
 v - a wand of flame (19)
Scrolls
 a - a scroll of recharging {unknown}
 i - 3 scrolls of identify
 l - a scroll of noise
 m - a scroll of enchant weapon {unknown}
 r - 2 scrolls of remove curse {unknown}
Potions
 d - 21 potions of blood
 n - 2 potions of curing
 q - a potion of resistance
 z - a potion of haste {unknown}
Books
 c - a book of Maledictions

   Spells                             Type                      Level
   a - Corona                         Hexes                        1
   b - Ensorcelled Hibernation        Hexes/Ice                    2
   c - Confuse                        Hexes                        3
   d - Tukima's Dance                 Hexes                        3
   e - Dazzling Spray                 Conjuration/Hexes            3
 x - a book of Death

   Spells                             Type                      Level
   a - Corpse Rot                     Necromancy                   2
   b - Sublimation of Blood           Necromancy                   2
   c - Agony                          Necromancy                   5
   d - Dispel Undead                  Necromancy                   5
   e - Excruciating Wounds            Charms/Necromancy            5
   f - Bolt of Draining               Conjuration/Necromancy       5


   Skills:
 + Level 4.3 Short Blades
 - Level 5.2 Dodging
 - Level 7.4 Stealth
 - Level 2.0 Spellcasting
 - Level 11.1 Hexes
 - Level 5.2 Ice Magic


You had 5 spell levels left.
You knew the following spells:

 Your Spells              Type           Power        Failure   Level  Hunger
a - Corona                Hex            #####..      1%          1    #......
b - Ensorcelled Hibernat  Hex/Ice        ####..       1%          2    ###....
c - Dazzling Spray        Conj/Hex       ###.....     8%          3    ###....


Dungeon Overview and Level Annotations

Branches:
Dungeon (6/15)             Temple (1/1) D:6

Altars:
Elyvilon
Gozag
Kikubaaqudgha
Nemelex Xobeh
Qazlal
Sif Muna
Xom
Zin

Shops:
D:4 :*


Innate Abilities, Weirdness & Mutations

You heal slowly.
You have razor-sharp teeth.
You have supernaturally acute eyesight.
You can survive without breathing.
You are partially covered in yellow scales (AC +2).
Your flesh is cold resistant.
You are dopey. (Int -2)
Your magical capacity is low (-10% MP).


Message History

The gnoll hits you with a flail. The gnoll barely misses you.
The gnoll hits you but does no damage. The gnoll barely misses you.
The gnoll hits you!
Drink which item? (? for menu, Esc to quit)
Okay, then.
Read which item? (? for menu, Esc to quit)
As you read the scroll labeled ETOUCZ LEWOU, it crumbles to dust.
You feel strangely unstable.
It was a scroll of teleportation.
The gnoll barely misses you. The gnoll completely misses you.
The gnoll hits you from afar with a spear.
The gnoll hits you with a flail. The gnoll hits you with a flail!
* * * LOW HITPOINT WARNING * * *
Read which item? (? for menu, Esc to quit)
Okay, then.
The gnoll misses you.
The gnoll hits you from afar with a halberd.
* * * LOW HITPOINT WARNING * * *
The gnoll hits you but does no damage. The gnoll hits you!
You die...

≈≈###'#.......g...#...)#...(..
≈≈#...#############''')##########
≈≈#...#................%...!.....
≈≈#####≈≈≈≈≈≈≈≈≈≈≈≈....≈g≈≈≈≈≈≈≈≈
≈≈≈≈≈≈≈≈≈≈≈≈≈≈≈≈≈≈gg...≈≈≈≈≈≈≈≈≈≈
≈≈≈≈≈≈≈≈≈≈≈≈≈)≈≈≈≈≈(...≈≈≈≈≈≈≈)≈≈
.............(.()ggg.............
################.gg#......####.##
##@).######.# #(# ##.....## #.#
#.# #.....#.# #.# #.#
#..#.#.#####.####.#
#..#...)))........#
######..#..#####.#..#..##
#..........###...#......#
#.####.........#####.##.# #.#
#.###.###...#......#


You could see 7 gnolls.

Vanquished Creatures
  An orc warrior (D:6)
  4 ogres
  2 phantoms
  Blork the orc (D:4)
  2 scorpions (D:5)
  4 wights (D:6)
  2 crimson imps (D:5)
  A hound (D:4)
  A centaur zombie (D:6)
  A jelly (D:5)
  4 orc wizards
  4 worker ants (D:4)
  An orc priest (D:6)
  A gnoll shaman (D:6)
  A hound skeleton (D:4)
  8 adders
  24 gnolls (D:6)
  2 oozes
  2 worms
  4 giant geckos
  15 orcs
  9 bats
  6 giant cockroaches
  5 goblins
  10 hobgoblins
  3 quokkas
  2 ball pythons
  A giant gecko skeleton (D:6)
  8 giant newts
  26 jackals
  8 kobolds
  A quokka skeleton (D:4)
  10 rats
174 creatures vanquished.

Vanquished Creatures (others)
  The ghost of P0WERM0DE the Chopper, a weakling HOCK of Xom (D:3)
1 creature vanquished.

Grand Total: 175 creatures vanquished

Notes
Turn   | Place    | Note
--------------------------------------------------------------
     0 | D:1      | Mindmaker the Vampire Enchanter began the quest for the Orb.
     0 | D:1      | Reached XP level 1. HP: 13/13 MP: 3/3
   205 | D:1      | Reached skill level 5 in Stealth
   457 | D:1      | Reached XP level 2. HP: 17/19 MP: 5/5
   549 | D:1      | Learned a level 2 spell: Ensorcelled Hibernation
   919 | D:1      | Reached skill level 5 in Hexes
   938 | D:1      | Reached XP level 3. HP: 22/24 MP: 6/6
  1207 | D:2      | Found a deep blue altar of Sif Muna.
  1210 | D:2      | Became a worshipper of Sif Muna the Loreminder
  1315 | D:2      | Learned a level 3 spell: Dazzling Spray
  1360 | D:2      | Reached skill level 1 in Ice Magic
  1662 | D:2      | Reached XP level 4. HP: 30/30 MP: 7/7
  2027 | D:3      | Noticed P0WERM0DE's ghost (weakling HOCK)
  3035 | D:4      | Noticed an ogre
  3040 | D:4      | Killed an ogre
  3040 | D:4      | Reached XP level 5. HP: 26/35 MP: 4/8
  3676 | D:4      | Reached * piety under Sif Muna
  3713 | D:4      | Found a shimmering altar of Xom.
  4088 | D:4      | Reached skill level 5 in Ice Magic
  4450 | D:4      | Reached XP level 6. HP: 41/41 MP: 6/9
  4570 | D:3      | Killed P0WERM0DE's ghost
  5047 | D:4      | Reached skill level 6 in Hexes
  5564 | D:4      | Noticed Blork the orc
  5569 | D:4      | Killed Blork the orc
  5569 | D:4      | Reached skill level 7 in Hexes
  5597 | D:4      | Found an opulent altar of Gozag.
  5598 | D:4      | Found Gozag's Platinum Reserve.
  5664 | D:4      | Reached ** piety under Sif Muna
  5664 | D:4      | Reached skill level 8 in Hexes
  5664 | D:4      | Reached XP level 7. HP: 46/46 MP: 5/10
  5761 | D:4      | Found Haicoff's Book Shop.
  6419 | D:5      | Entered Level 5 of the Dungeon
  6714 | D:5      | Gained mutation: Your flesh is cold resistant. [potion of mutation]
  6714 | D:5      | Gained mutation: You are dopey. (Int -2) [potion of mutation]
  6714 | D:5      | Gained mutation: Your magical capacity is low (-10% MP). [potion of mutation]
  6727 | D:5      | Reached skill level 9 in Hexes
  7149 | D:5      | Reached skill level 10 in Hexes
  7750 | D:6      | Reached skill level 11 in Hexes
  7750 | D:6      | Reached XP level 8. HP: 52/52 MP: 7/9
  8162 | D:6      | Found a staircase to the Ecumenical Temple.
  8168 | Temple   | Entered the Ecumenical Temple
  8348 | D:6      | Gained mutation: You are partially covered in yellow scales (AC +2). [potion of mutation]
  8871 | D:6      | Reached skill level 5 in Dodging
  9812 | D:6      | Slain by a gnoll

Vault maps used:
D:1:      roderic_crop_circles_arrival_small, nrook_mini_vaults
D:2:      lemuel_blue_sif_altar
D:3:      first_bread, lemuel_flame_loot_1
D:4:      nicolae_gozag_zags_fifth_avenue, serial_shops, nicolae_shop_crystal,
          xom_teletrap_fun, uniq_blork_the_orc
D:6:      lemuel_castle_with_subvaults, minmay_temple_entry_enclosed_plants,
          corexii_item_surrounded_by_moat
Temple:   circular_temple_6

Action                   |  1- 3 |  4- 6 |  7- 9 || total
-------------------------+-------+-------+-------++-------
Melee: Dagger            |   164 |   230 |   137 ||   531
       Short sword       |       |       |   245 ||   245
 Cast: Corona            |     2 |     2 |     2 ||     6
       Ensorcelled Hiber |     2 |    10 |    29 ||    41
       Dazzling Spray    |       |    14 |    36 ||    50
  Use: Potion            |       |     5 |    13 ||    18
       Scroll            |       |       |     4 ||     4
 Stab: Sleeping          |    14 |    14 |    22 ||    50
       Invisible         |       |     1 |     6 ||     7
       Distracted        |       |       |     3 ||     3
